 Dungeon Crawl Stone Soup version 0.32-a0-131-g9dbbe29261 (webtiles) character file.

Game seed: 16160738027911549467

354 Newt the Ducker (level 6, -1/48 HPs)
             Began as a Demonspawn Gladiator on Feb 8, 2024.
             Killed by nerve-wracking pain
             ... invoked by an orc priest
              (3 damage)
             ... on level 4 of the Dungeon.
             The game lasted 00:04:28 (3922 turns).

Newt the Ducker (Demonspawn Gladiator)              Turns: 3922, Time: 00:04:28

Health: -1/48      AC:  4    Str: 16    XL:     6   Next: 35%
Magic:  6/6        EV: 11    Int:  9    God:
Gold:   136        SH:  7    Dex: 14    Spells: 5/5 levels left

rFire   + . .        a - +0 rapier
rCold   + . .        o - +0 kite shield
rNeg    . . .        b - +0 leather armour
rPois   +            c - +0 helmet
rElec   +            (no cloak)
rCorr   +            (no gloves)
SInv    .            (no boots)
Will    .....        (no amulet)
Stlth   +            (no ring)
HPRegen 0.28/turn    (no ring)
MPRegen 0.10/turn

%: no passive effects
@: resistant
A: demonic guardian 2, powered by pain 1
a: no special abilities


You were on level 4 of the Dungeon.
You visited 1 branch of the dungeon, and saw 4 of its levels.

You collected 136 gold pieces.

Inventory:

Hand Weapons
 a - a +0 rapier (weapon)
Missiles
 d - a throwing net
 e - 7 javelins
 j - 5 poisoned darts (quivered)
 l - 3 boomerangs
Armour
 b - a +0 leather armour (worn)
 c - a +0 helmet (worn)
 o - a +0 kite shield (worn)
Jewellery
 f - a ring of poison resistance
Scrolls
 i - a scroll of immolation
 k - a scroll of enchant weapon
 m - a scroll of noise {unknown}
 p - a scroll of acquirement {unknown}
Potions
 n - a potion of berserk rage {unknown}


   Skills:
 + Level 4.2 Fighting
 - Level 4.1 Short Blades
 - Level 1.7 Throwing
 * Level 4.5 Dodging


You had 5 spell levels left.
You didn't know any spells.
Your spell library was empty.

Dungeon Overview and Level Annotations

Branches:
Dungeon (4/15)
 Temple: D:4-7

Altars:
Sif Muna
Uskayaw


Innate Abilities, Weirdness & Mutations

A demonic guardian rushes to your aid.
You sometimes gain a little power by taking damage.


Message History

You block the orc's attack.
The orc priest hits you with a +0 trident.
You block the goblin's attack. The adder bites you but does no damage.
Unknown command.
You barely miss the orc priest.
The orc priest is moderately wounded.
You block the adder's attack. The goblin hits you with a +0 dagger.
You block the orc's attack. The orc hits you with a +0 falchion.
You block the orc priest's attack.
Unknown command.
You closely miss the orc priest.
The orc priest is moderately wounded.
You block the adder's attack. The goblin hits you but does no damage.
The orc hits you with a +0 short sword. The orc completely misses you.
The orc priest begins to cast a cantrip, but forgets the words!
The adder bites you.
Unknown command.
You puncture the orc priest!
The orc priest is almost dead.
The orc hits you with a +0 short sword. The orc barely misses you.
The orc priest calls down the wrath of Beogh upon you.
Pain shoots through your body!
* * * LOW HITPOINT WARNING * * *
A demonic guardian appears!
The goblin hits you but does no damage. You block the adder's attack.
The goblin barely misses you.
The orc priest looks encouraged for a moment.
The orc closely misses you. The orc misses you. You block the adder's attack.
Unknown command.
It was a potion of cancellation.
You feel magically purged. The adder barely misses you.
You block the orc's attack.
The orc priest looks satisfied for a moment.
You block the goblin's attack. You block the orc's attack.
Your orange demon stings the goblin.
The goblin dies!
It was a potion of resistance.
You feel protected. The adder barely misses you. The orc barely misses you.
The orc misses you.
The orc priest mumbles some strange prayers to Beogh against you.
Pain shoots through your body!
You die...

....... ....
....... ...##
..............#..
........... .... #
..#.......##......
.......#..........
......)o..........
..[...4@#...#.....
......oSo.........
.........#........
..................
...$.$......<.....
#........<........
..................
.#.#.##...........
#.#..............


You could see an orc priest (ally target), an adder, 2 orcs and a friendly
orange demon (summoned).

Vanquished Creatures
  Sigmund (D:3)
  An iguana (D:4)
  An orc wizard (D:3)
  Robin (D:2)
  3 gnolls (D:3)
  3 adders (D:2)
  A dart slug (D:1)
  A ribbon worm (D:2)
  5 orcs
  5 bats
  7 endoplasms
  4 giant cockroaches
  8 goblins
  6 hobgoblins
  4 quokkas (D:1)
  2 ball pythons
  2 frilled lizards (D:2)
  4 kobolds
  5 rats
64 creatures vanquished.

Vanquished Creatures (collateral kills)
  A gnoll (D:3)
  A ball python (D:3)
  3 goblins
  3 hobgoblins
  A rat (D:2)
9 creatures vanquished.

Grand Total: 73 creatures vanquished

Notes
Turn   | Place    | Note
-------+----------+-------------------------------------------
     0 | D:1      | Newt the Demonspawn Gladiator began the quest for the Orb.
     0 | D:1      | Reached XP level 1. HP: 16/16 MP: 1/1
    79 | D:1      | Gained mutation: A weak demonic guardian rushes to your
                  | aid. [demonic ancestry]
    79 | D:1      | Reached XP level 2. HP: 22/22 MP: 2/2
    97 | D:1      | HP: 1/22 [constriction (1)]
   376 | D:1      | Found a faded altar of an unknown god.
  1025 | D:2      | Reached XP level 3. HP: 27/28 MP: 3/3
  1204 | D:2      | Noticed Robin
  1223 | D:2      | Killed Robin
  1244 | D:2      | Gained mutation: You sometimes gain a little power by
                  | taking damage. [demonic ancestry]
  1244 | D:2      | Reached XP level 4. HP: 14/34 MP: 4/4
  2529 | D:3      | Noticed a +0 hand axe
  2529 | D:3      | Noticed a +0 dagger
  2533 | D:3      | Found a hide-covered altar of Uskayaw.
  2571 | D:3      | Noticed Sigmund
  2655 | D:3      | Killed Sigmund
  2656 | D:3      | Reached XP level 5. HP: 19/42 MP: 5/5
  2656 | D:3      | Gained mutation: A demonic guardian rushes to your aid.
                  | [demonic ancestry]
  2656 | D:3      | Reached XP level 6. HP: 22/48 MP: 6/6
  3585 | D:3      | Found a shimmering blue altar of Sif Muna.
  3920 | D:4      | HP: 2/48 [orc priest/nerve-wracking pain (13)]
  3922 | D:4      | Killed from afar by an orc priest

Illustrated notes

Levels and vault maps discovered:
D:1:      eino_arrival_cavern_b, layout_basic,
          hellmonk_ecumenical_altar_leap_of_faith
D:2:      layout_basic, chequers_decorated_corner, kennysheep_generic_room_3,
          uniq_robin
D:3:      layout_loops_cross, dancing_weapons_uskayaw,
          hellmonk_sif_muna_bookshelves, uniq_sigmund
D:4:      layout_cave_pools, enter_ossuary_4, st_stairs_3,
          hangedman_abyss_or_decor_stagger

Skill      XL: |  1  2  3  4 |
---------------+-------------+-----
Short Blades   | 3 4 |  4.1
Fighting       | 4 |  4.2
Dodging        | 4 |  4.5
Throwing       | |  1.7

Action                     |  1- 3 |  4- 6 || total
---------------------------+-------+-------++-------
  Melee: Rapier            |   123 |   154 ||   277
         Punch             |     2 |     5 ||     7
  Throw: Dart              |     7 |    14 ||    21
         Throwing net      |       |     3 ||     3
         Javelin           |       |     1 ||     1
    Use: Scroll            |     2 |     2 ||     4
         Potion            |       |     3 ||     3
   Stab: Sleeping          |     1 |       ||     1
 Armour: Leather armour    |    82 |   113 ||   195
  Dodge: Dodged            |   101 |    90 ||   191
  Block: Kite shield       |       |    32 ||    32

Table legend: (Time is in decaauts)
 A = Elapsed time spent in this place.
 B = Non-inter-level travel time spent in this place.
 C = Inter-level travel time spent in this place.
 D = Time resting spent in this place.
 E = Time spent auto-exploring this place.
 F = Levels seen in this place.
 G = Mean time per level.
                   A        B        C        D        E       F      G
               +--------+--------+--------+--------+--------+-----+--------+
         Total |   3934 |   3813 |    121 |   1379 |   1791 |   4 |  983.5 |
       Dungeon |   3934 |   3813 |    121 |   1379 |   1791 |   4 |  983.5 |
               +--------+--------+--------+--------+--------+-----+--------+

Top non-repeatable levels by time:
     D:3: 1613 daAuts
     D:2: 1274 daAuts
     D:1: 962 daAuts
     D:4: 84 daAuts
